Map: 드림캐처 - 래더

Players

LiquidSnute (Snute) - Winner!

  • Race: Zerg Zerg
  • League: Grandmaster
  • Spawn Location: 5:00

lIIllllIIlll (INnoVation)

  • Race: Terran Terran
  • League: Master
  • Spawn Location: 11:00

Event: HomeStory Cup XVII

VOD

Have the link to the VOD?

Description

Time

  • Played on: June 29, 2018, 2:29 p.m.
  • Length: 26:55

All games in this series

Show
View Real Time Build Order
Export as new Build Order

LiquidSnute Zerg - Winner!

Build Orders: Pool First 

Get SALT Encoding   

  12  0:00  Drone  
  13  0:12  Overlord  
  13  0:17  Drone  
  14  0:30  Drone x2  
  14  0:34  Drone  
  17  0:44  Spawning Pool  
  17  0:48  Drone  
  17  1:08  Hatchery  
  17  1:10  Drone  
  17  1:13  Drone  
  17  1:17  Drone  
  19  1:20  Extractor  
  18  1:30  Queen  
  18  1:31  Zergling x2  
  21  1:38  Overlord  
  21  1:49  Drone  
  22  2:01  Drone  
  22  2:06  Queen  
  25  2:11  Drone  
  26  2:19  Queen  
  26  2:21  Drone x2  
  26  2:22  Metabolic Boost  
  30  2:31  Overlord  
  30  2:33  Drone  
  30  2:39  Drone x3  
  30  2:41  Drone  
  34  2:48  Overlord  
  34  2:59  Hatchery  
  34  3:01  Drone  
  34  3:03  Drone  
  35  3:06  Drone  
  35  3:08  Drone  
  35  3:09  Drone  
  35  3:12  Drone  
  39  3:13  Drone  
  39  3:15  Drone  
  39  3:17  Drone  
  39  3:19  Drone  
  43  3:21  Drone  
  43  3:23  Drone  
  45  3:29  Queen  
  45  3:31  Overlord  
  45  3:33  Drone  
  48  3:36  Drone  
  48  3:40  Queen  
  51  3:43  Drone  
  51  3:45  Overlord  
  52  3:50  Drone x3  
  52  3:51  Drone  
  52  3:54  Drone x2  
  58  4:02  Drone x2  
  60  4:09  Queen  
  62  4:12  Queen  
  62  4:15  Queen  
  62  4:16  Zergling x6  
  69  4:23  Overlord x2  
  69  4:24  Zergling x2  
  69  4:25  Zergling x4  
  72  4:31  Overlord  
  72  4:37  Evolution Chamber  
  72  4:38  Evolution Chamber  
  70  4:42  Drone  
  70  4:43  Zergling x2, Drone x2  
  70  4:44  Zergling x2, Queen  
  77  4:48  Queen  
  77  4:50  Extractor, Drone x5  
  77  4:52  Drone  
  84  4:59  Roach Warren  
  82  5:05  Zergling x2  
  82  5:06  Zergling x12  
  89  5:14  Overlord  
  89  5:15  Overlord, Extractor  
  89  5:19  Drone  
  89  5:20  Zerg Missile Weapons Level 1, Zerg Ground Armor Level 1  
  89  5:23  Extractor  
  89  5:28  Drone  
  89  5:29  Extractor x2, Drone  
  89  5:31  Overlord  
  89  5:35  Drone  
  89  5:36  Drone x6  
  89  5:41  Lair, Roach  
  89  5:42  Roach x2  
  101  5:43  Overlord x2  
  101  5:51  Roach x3  
  101  5:56  Roach  
  109  5:57  Roach  
  109  6:03  Overlord  
  111  6:04  Roach x3  
  111  6:05  Roach  
  111  6:09  Roach x2  
  123  6:15  Roach x2  
  127  6:26  Roach x3  
  127  6:28  Ravager x3  
  129  6:42  Hatchery  
  129  6:44  Roach  
  129  6:45  Roach x9  
  119  6:52  Roach x2  
  111  6:58  Queen x3  
  109  7:01  Glial Reconstitution  
  109  7:03  Drone  
  109  7:04  Drone x2  
  109  7:06  Drone  
  109  7:07  Drone  
  115  7:08  Drone  
  115  7:10  Ravager x2  
  117  7:16  Zerg Ground Armor Level 2  
  117  7:22  Drone  
  118  7:28  Zergling x2  
  118  7:29  Zergling x2  
  120  7:32  Roach  
  120  7:33  Queen x2, Roach x3  
  132  7:38  Zerg Missile Weapons Level 2  
  132  7:43  Roach x3  
  138  7:54  Roach x3  
  144  7:58  Overlord  
  144  7:59  Overlord  
  144  8:04  Hydralisk Den  
  144  8:05  Infestation Pit, Drone x2  
  142  8:15  Drone x2  
  142  8:16  Overlord x2  
  142  8:18  Drone x3  
  142  8:19  Drone x3  
  150  8:22  Extractor x2  
  148  8:32  Roach x7  
  160  8:40  Drone  
  160  8:41  Drone x4  
  161  8:43  Overlord, Drone  
  161  8:44  Drone x2  
  161  8:48  Hive  
  159  8:49  Drone x3, Grooved Spines  
  159  8:54  Drone  
  159  8:55  Drone  
  164  9:01  Extractor, Hydralisk x2  
  167  9:03  Ravager  
  167  9:04  Ravager x3  
  167  9:05  Ravager x4  
  175  9:11  Hydralisk x3  
  175  9:16  Overlord x2  
  181  9:20  Spore Crawler  
  181  9:22  Spore Crawler  
  181  9:23  Spore Crawler  
  170  9:46  Hydralisk x5  
  180  9:53  Drone x3  
  180  9:54  Drone x3  
  186  10:00  Muscular Augments  
  186  10:01  Zerg Ground Armor Level 3, Spire  
  185  10:07  Zergling x2  
  185  10:08  Zergling x20  
  185  10:13  Hatchery  
  195  10:23  Ravager x3  
  195  10:25  Ravager  
  195  10:26  Zergling x2  
  200  10:33  Spore Crawler x2  
  200  10:35  Zerg Missile Weapons Level 3  
  196  10:43  Viper  
  198  11:18  Viper x2  
  191  11:20  Greater Spire, Spore Crawler x2  
  191  11:22  Spore Crawler x2  
  191  11:24  Hydralisk x2  
  191  11:25  Hydralisk x2  
  188  11:26  Roach x7  
  188  11:27  Roach x2  
  183  11:37  Extractor  
  182  11:40  Extractor  
  182  11:45  Hydralisk x8  
  197  11:51  Ravager  
  197  11:52  Ravager  
  193  12:10  Ravager x4  
  162  12:26  Hydralisk x4  
  162  12:27  Hydralisk x3  
  169  12:31  Hydralisk  
  169  12:32  Hydralisk x3  
  169  12:34  Zerg Flyer Weapons Level 1  
  177  12:39  Zerg Melee Weapons Level 1  
  177  12:41  Zergling x2  
  177  12:42  Zergling x34  
  195  12:50  Hatchery  
  194  12:51  Baneling Nest  
  194  12:52  Hydralisk x3  
  194  12:57  Spine Crawler  
  194  12:58  Spine Crawler  
  197  13:00  Hydralisk  
  197  13:02  Overseer  
  124  13:46  Hydralisk  
  124  13:47  Hydralisk x5  
  124  13:49  Roach x8  
  124  13:52  Hydralisk x7  
  137  13:55  Roach  
  137  13:56  Roach x6  
  137  14:00  Drone  
  137  14:01  Drone x2  
  145  14:08  Drone x4  
  145  14:09  Drone  
  150  14:11  Ravager x2  
  150  14:12  Ravager  
  150  14:13  Ravager  
  150  14:16  Ravager x3  
  158  14:17  Ravager  
  158  14:18  Drone  
  158  14:20  Drone  
  160  14:25  Ravager x5  
  160  14:26  Ravager x2  
  160  14:27  Drone  
  168  14:39  Roach x5  
  178  14:57  Roach x5  
  188  15:00  Hatchery  
  187  15:12  Drone x3  
  187  15:13  Drone x2  
  192  15:27  Roach x2  
  198  15:28  Roach x2  
  195  15:48  Hydralisk  
  195  15:49  Hydralisk x2  
  187  15:57  Roach x5  
  187  15:58  Roach  
  197  16:09  Unknown  
  178  16:16  Roach x12  
  179  16:19  Hydralisk x9  
  195  16:26  Hydralisk  
  189  16:47  Hydralisk x5  
  199  17:15  Drone x3  
  200  17:16  Hatchery, Hydralisk  
  200  17:24  Zerg Melee Weapons Level 2  
  198  17:44  Hatchery, Hydralisk x3  
  180  17:58  Overlord x2  
  167  18:00  Hydralisk x3  
  167  18:02  Hydralisk x3  
  177  18:06  Corruptor  
  177  18:11  Corruptor, Hatchery  
  186  18:29  Corruptor x2  
  184  18:41  Ravager  
  184  18:42  Ravager x3  
  184  18:46  Hatchery  
  187  19:01  Brood Lord x2  
  191  19:06  Brood Lord  
  191  19:07  Brood Lord  
  191  19:12  Ravager x3  
  190  19:25  Roach  
  190  19:26  Roach x2  
  196  19:34  Extractor  
  196  19:35  Extractor  
  194  19:48  Roach x3  
  165  20:14  Roach x12  
  177  20:18  Roach x2  
  144  20:29  Roach x5  
  144  20:32  Hydralisk Den, Roach x7  
  150  20:53  Drone x3  
  150  20:54  Queen x2  
  159  21:03  Hydralisk x15  
  189  21:08  Hydralisk x2  
  193  21:17  Hydralisk x2  
  195  21:32  Ravager  
  195  21:34  Hatchery  
  195  21:36  Hydralisk  
  194  21:55  Hydralisk x2  
  196  22:09  Extractor  
  196  22:10  Extractor  
  196  22:11  Extractor  
  193  22:16  Zergling x14  
  163  22:39  Hydralisk x4  
  130  22:52  Hydralisk  
  130  22:56  Zergling x2  
  130  22:57  Zergling x24  
  137  23:06  Hydralisk  
  139  23:13  Roach  
  139  23:15  Zergling x2  
  139  23:16  Zergling x4, Queen  
  139  23:17  Queen x3  
  150  23:24  Hydralisk  
  142  23:30  Hatchery  
  139  23:39  Hydralisk x2  
  140  23:48  Hydralisk  
  140  23:49  Hydralisk  
  140  23:50  Zergling x8  
  140  23:51  Zergling x10  
  147  23:57  Hydralisk  
  147  24:01  Hydralisk, Drone x2  
  153  24:03  Zergling x10  
  153  24:09  Hydralisk  
  158  24:15  Hydralisk  
  162  24:18  Zergling x2  
  162  24:19  Zergling x18  
  172  24:28  Hydralisk x2  
  176  24:32  Hydralisk  
  178  24:39  Hydralisk  
  159  24:52  Unknown  
  141  25:07  Roach x8  
  153  25:31  Hatchery  
  153  25:32  Roach  
  153  25:33  Roach x3  
  160  25:44  Roach x3  
  160  25:46  Ravager x2  
  160  25:47  Ravager  
  160  25:49  Ravager  
  170  25:59  Hydralisk  
  170  26:01  Ravager x2  
  170  26:02  Ravager  
  175  26:05  Hatchery  
  175  26:08  Roach  
  138  26:33  Roach  
  138  26:34  Roach  
  138  26:38  Ravager  
Show
View Real Time Build Order
Export as new Build Order

lIIllllIIlll Terran 

Build Orders: Reaper Expand, Bio Tank 

Get SALT Encoding   

  12  0:00  SCV  
  13  0:13  SCV  
  14  0:17  Supply Depot  
  14  0:25  SCV  
  15  0:38  SCV  
  15  0:41  Barracks  
  16  0:44  Refinery  
  16  0:50  SCV  
  17  1:02  SCV  
  18  1:14  SCV  
  19  1:27  Reaper  
  19  1:28  Orbital Command  
  20  1:38  Command Center  
  20  1:49  Barracks  
  20  1:53  SCV  
  21  2:00  Barracks Reactor  
  21  2:05  SCV  
  21  2:08  Supply Depot  
  22  2:12  Refinery  
  22  2:17  SCV  
  22  2:22  Factory  
  23  2:29  SCV  
  24  2:36  Barracks Tech Lab, Marine x2  
  26  2:42  SCV  
  27  2:54  SCV  
  27  2:55  Orbital Command  
  27  2:57  Stimpack, Marine  
  29  2:59  Marine  
  29  3:01  Marine  
  31  3:06  SCV  
  32  3:13  Starport  
  32  3:20  Factory Reactor, SCV  
  32  3:22  SCV  
  32  3:23  Marine x2  
  32  3:26  Marine  
  37  3:30  Supply Depot  
  37  3:34  SCV x2  
  39  3:42  Supply Depot, Marine x2  
  39  3:43  Marine  
  39  3:46  SCV  
  39  3:47  SCV  
  44  3:59  Medivac x2  
  44  4:01  Engineering Bay  
  48  4:03  Marine x2  
  48  4:04  Marine  
  48  4:06  SCV  
  48  4:09  SCV  
  53  4:17  Factory Tech Lab  
  53  4:18  Barracks  
  53  4:21  SCV  
  53  4:22  SCV  
  55  4:26  Supply Depot, Terran Infantry Weapons Level 1  
  55  4:29  Marine x2  
  55  4:30  Marine  
  58  4:35  SCV x2  
  60  4:38  Supply Depot  
  60  4:41  Refinery  
  60  4:47  Siege Tank  
  60  4:50  Marine x3  
  66  4:53  Supply Depot  
  66  4:54  SCV  
  66  4:56  SCV  
  68  5:06  Combat Shield  
  68  5:09  Marine x3  
  68  5:12  SCV x2  
  68  5:13  Marine x2  
  75  5:16  Supply Depot  
  75  5:20  Siege Tank  
  78  5:23  Supply Depot  
  78  5:24  SCV x2  
  78  5:27  Marine x2  
  78  5:28  Marine  
  83  5:30  Marine  
  83  5:31  Marine  
  85  5:37  Medivac  
  85  5:39  Supply Depot  
  87  5:47  Marine x3  
  87  5:48  Marine x2  
  91  5:52  Siege Tank  
  91  5:56  Supply Depot  
  94  6:00  SCV x2  
  94  6:01  Supply Depot  
  96  6:06  Marine x2  
  96  6:07  Marine x3  
  96  6:09  Starport Reactor  
  101  6:20  Terran Infantry Armor Level 1  
  101  6:25  Siege Tank  
  102  6:26  Marine x5  
  104  6:43  Command Center  
  104  6:44  Marine x5  
  94  6:53  SCV  
  94  6:54  SCV  
  82  6:58  Siege Tank  
  74  7:04  Refinery  
  74  7:05  SCV, Medivac  
  74  7:06  SCV, Barracks  
  74  7:07  Medivac  
  74  7:08  Barracks  
  80  7:15  Marauder, Marine x2  
  83  7:18  SCV x2, Marine x2  
  88  7:30  Siege Tank, SCV x2  
  88  7:36  Concussive Shells  
  88  7:37  Marauder, Marine x4  
  95  7:42  SCV x2  
  101  7:45  Armory  
  101  7:47  Engineering Bay  
  101  7:54  SCV x2  
  101  7:57  Barracks Reactor x2  
  101  7:58  Marauder  
  105  7:59  Marine x4  
  105  8:04  Siege Tank  
  112  8:10  SCV x2  
  114  8:13  Refinery, Orbital Command  
  114  8:16  Refinery  
  114  8:22  SCV x2  
  114  8:26  Marauder  
  114  8:27  Marine x4  
  120  8:34  SCV  
  120  8:35  SCV  
  120  8:36  Siege Tank  
  123  8:45  Marine  
  123  8:46  SCV, Marine x5  
  123  8:47  Marauder, SCV, Marine x2  
  123  8:48  Terran Infantry Weapons Level 2  
  133  8:51  Terran Infantry Armor Level 2  
  133  8:54  Missile Turret  
  133  8:58  SCV  
  133  8:59  SCV x2  
  136  9:06  Terran Vehicle And Ship Armor Level 1  
  136  9:07  Marine  
  136  9:08  Siege Tank, Marine  
  141  9:15  Supply Depot  
  141  9:16  Supply Depot  
  141  9:20  Marauder  
  141  9:21  Supply Depot, Marine, Medivac x2  
  141  9:22  Supply Depot  
  148  9:25  Marine  
  148  9:28  Sensor Tower  
  149  9:38  Marine x6  
  150  9:40  Siege Tank  
  150  9:41  Marauder  
  155  9:51  Barracks, Medivac  
  155  9:52  Barracks x2, Medivac  
  156  9:57  Marine x5  
  161  10:00  Marine x2  
  161  10:03  Marauder  
  165  10:09  Command Center  
  162  10:16  Marine x5  
  162  10:20  Siege Tank  
  170  10:24  Marauder  
  172  10:29  Supply Depot  
  172  10:30  Supply Depot  
  172  10:31  Marine x2  
  174  10:41  Barracks Tech Lab  
  174  10:42  Barracks Tech Lab x2  
  170  10:48  Marauder, Marine x6  
  176  10:58  Command Center  
  176  11:04  Terran Infantry Weapons Level 3  
  176  11:06  Siege Tank  
  176  11:08  Terran Infantry Armor Level 3, Terran Vehicle And Ship Armor Level 2  
  176  11:09  Marauder  
  176  11:10  Marauder  
  176  11:11  Marine x2  
  184  11:13  Marine x2  
  184  11:23  Command Center  
  172  11:31  Marauder x3, Marine x4  
  176  11:33  Missile Turret  
  176  11:39  Siege Tank  
  173  11:43  Medivac x2  
  179  11:47  Marauder, Marine x2  
  179  11:48  Marine  
  179  11:50  Marine x2  
  179  11:52  Marauder x2  
  188  11:59  Marauder, Marine x3  
  193  12:05  Marine  
  196  12:08  Marauder  
  194  12:17  Medivac x2  
  194  12:18  Marauder x2, Marine x3  
  194  12:19  Marine x4  
  194  12:21  Marauder  
  184  12:23  Marine  
  184  12:29  Marine  
  154  12:34  Siege Tank  
  154  12:36  Marine x2  
  152  12:38  SCV x3  
  152  12:39  Marine x5  
  152  12:40  Marauder x2  
  152  12:42  Marauder  
  166  12:48  Marauder, Medivac x2  
  172  12:56  Marine x3  
  175  13:03  Marauder x2  
  175  13:05  Planetary Fortress  
  179  13:08  Marine x2  
  181  13:15  Marauder x2, Marine x2  
  187  13:20  Marine  
  187  13:25  Marauder  
  140  13:36  Marauder x2, Marine x7  
  140  13:37  Marauder  
  128  13:41  Siege Tank  
  128  13:43  Medivac  
  128  13:45  Medivac  
  128  13:47  Marine  
  112  13:50  Marine  
  112  13:53  Marine  
  112  13:54  Marine x4  
  110  13:56  Marine  
  110  13:58  Marine  
  110  13:59  Marine  
  110  14:01  Marine  
  110  14:02  Marine  
  111  14:13  Siege Tank, SCV x2  
  111  14:14  SCV  
  111  14:16  Marauder, Marine  
  111  14:17  Marauder, Marine  
  123  14:24  Medivac x2  
  123  14:29  Marauder x2, Marine  
  123  14:30  Marine x3  
  135  14:33  Marine x2  
  135  14:37  Marauder  
  139  14:40  Marauder  
  141  14:46  Marine  
  141  14:47  Marine  
  141  14:48  Siege Tank  
  141  14:50  Marauder  
  141  14:51  Marauder  
  150  14:54  Medivac x2  
  150  14:57  Marine x6  
  150  14:59  Marauder  
  161  15:01  Marine  
  161  15:05  Marine x2  
  164  15:12  Marauder x2, Orbital Command  
  167  15:14  Marine  
  167  15:15  Sensor Tower  
  167  15:19  Marauder  
  167  15:20  Siege Tank  
  172  15:26  Medivac  
  172  15:27  Medivac  
  165  15:29  Marauder, Marine x2  
  165  15:33  Marauder  
  171  15:36  Sensor Tower  
  171  15:39  SCV x3  
  168  15:52  Marauder x2  
  168  15:53  Marauder  
  168  15:54  Marine x2  
  168  15:55  Marauder  
  168  15:56  Marine  
  168  15:57  Marine  
  179  16:00  Marine  
  177  16:07  Marine  
  177  16:08  Marine x2  
  165  16:12  Marine  
  165  16:14  Marauder x3  
  152  16:18  Siege Tank  
  152  16:19  Marauder  
  152  16:20  Marine  
  152  16:21  Marine x2  
  152  16:22  Marine  
  156  16:28  Medivac  
  156  16:29  Medivac  
  155  16:34  Marine x4  
  155  16:35  Marauder x2, Marine  
  159  16:42  Marauder, Marine  
  159  16:43  SCV  
  161  16:47  SCV  
  161  16:48  SCV  
  161  16:53  Marauder  
  164  16:55  Siege Tank  
  164  16:56  Marauder, SCV  
  164  16:57  Marine x2  
  164  16:58  Medivac x2  
  164  17:00  Marine x3  
  179  17:06  Refinery  
  181  17:15  Marine  
  181  17:16  Marauder x3, Marine x2  
  181  17:17  Marine x3  
  181  17:18  Marine x2  
  181  17:19  Marine  
  170  17:38  Siege Tank, Medivac x2  
  170  17:40  Marauder x2, Marine x4  
  170  17:41  Marine x5  
  188  17:50  Refinery  
  188  17:51  Refinery  
  184  17:55  Marauder  
  184  17:58  Marine x4  
  168  17:59  Marauder  
  168  18:01  Marauder  
  170  18:10  Medivac x2  
  170  18:11  Marauder, Marine x2  
  175  18:16  Marine x5, Command Center  
  175  18:17  Marauder  
  182  18:20  Marauder  
  160  18:31  Siege Tank  
  160  18:32  Marauder x2, Marine x3  
  160  18:33  Marine  
  160  18:34  Marine x2  
  172  18:38  Marauder  
  172  18:39  Refinery x2, SCV x3  
  178  18:42  Marauder  
  178  18:46  Medivac x2  
  174  18:50  Marine  
  174  18:51  Marine x3  
  174  18:52  Marine  
  174  18:53  Marauder, Marine  
  174  18:54  Marauder  
  183  18:59  Marauder  
  185  19:04  Marauder, Marine  
  185  19:05  Marine  
  185  19:08  Marine x2  
  185  19:09  Marine x3  
  192  19:10  Marine  
  192  19:14  Marauder  
  192  19:15  Marauder  
  188  19:19  Medivac x2  
  188  19:21  Marine  
  188  19:22  Marine  
  188  19:23  Marine  
  188  19:24  Marine  
  188  19:26  Marine x3  
  186  19:38  Starport  
  186  19:40  Factory Reactor, SCV  
  187  19:49  Viking x2  
  187  19:51  Marauder, Marine  
  187  19:52  Marauder x2  
  196  19:55  Marine  
  196  19:58  SCV  
  196  19:59  Marine  
  196  20:00  Marine  
  196  20:01  Marine  
  196  20:02  Marine  
  177  20:07  Marauder, Marine x2  
  177  20:09  Marine  
  177  20:10  SCV  
  177  20:13  Marauder x2, Marine x2  
  146  20:26  Medivac x2  
  146  20:27  Marine x3  
  145  20:29  Marauder  
  145  20:31  Marauder  
  145  20:33  Marine x4  
  145  20:34  Marauder  
  153  20:43  Marauder, Marine  
  153  20:50  Marauder  
  153  20:51  Marine  
  153  20:52  Marauder  
  153  20:53  Marine  
  153  20:54  Marine  
  153  20:56  Marauder  
  158  20:58  Liberator  
  158  20:59  Liberator  
  158  21:03  Liberator  
  160  21:04  Marauder  
  160  21:08  Marine  
  160  21:09  Marine x2  
  163  21:11  Marauder  
  163  21:14  Marauder  
  163  21:17  Marauder  
  178  21:26  Marauder  
  178  21:29  Marine x2  
  178  21:30  Marine  
  183  21:33  Marauder  
  183  21:36  Orbital Command  
  183  21:39  Marauder x2, Marine x2  
  191  21:44  Marine x3  
  194  21:47  Marine  
  194  21:49  Marauder  
  194  21:52  Liberator  
  192  21:57  Marauder, Marine x4  
  192  21:59  Marine  
  192  22:00  Marine  
  188  22:15  Terran Vehicle And Ship Armor Level 3  
  188  22:18  Sensor Tower  
  188  22:22  Marauder  
  189  22:23  Marine x2  
  165  22:36  Marauder x2, Marine  
  139  22:44  Marauder, Marine  
  124  22:45  Marine  
  124  22:47  Marine  
  124  22:50  Marine  
  117  22:51  Marine  
  117  22:54  Marine  
  117  22:56  Marine  
  117  22:58  Orbital Command, Marine  
  117  23:08  Marauder x2  
  121  23:17  Marine x2  
  121  23:18  Marine x2  
  124  23:25  Marine  
  124  23:26  Marine x2  
  113  23:28  Marine  
  108  23:41  Marine x5  
  105  23:42  Marine  
  105  23:43  Marine  
  111  23:49  Medivac  
  111  23:54  Medivac  
  111  23:55  Marine  
  116  23:56  Marine  
  116  23:59  Marine  
  118  24:06  Orbital Command  
  118  24:07  Marauder x2  
  122  24:10  Marine x2  
  122  24:15  Marine  
  122  24:16  Marine x2  
  127  24:19  Marine  
  127  24:21  Marine  
  127  24:22  Marine  
  130  24:24  Marine  
  130  24:25  Marine  
  130  24:28  Marine x2  
  133  24:33  Marine x2  
  133  24:38  Medivac  
  136  24:42  Marine x3  
  136  24:44  Marine  
  140  24:46  Marine  
  140  24:47  Marine  
  129  24:56  Medivac  
  129  24:57  Marine, Medivac  
  122  25:01  Marine x2  
  122  25:05  Marine  
  122  25:06  Marine  
  118  25:11  Marine  
  118  25:14  Marine x3  
  107  25:19  Marauder  
  112  25:21  Marine  
  112  25:23  Marine  
  114  25:29  Marauder  
  114  25:32  Marauder  
  114  25:33  Marine  
  119  25:39  Marauder, Marine  
  119  25:40  Marine  
  123  25:42  Marine  
  123  25:47  Marauder  
  126  25:52  Marine x3  
  131  25:57  Marauder  
  133  26:04  Marauder  
  133  26:05  Marine x2  
  137  26:11  Marauder  
  137  26:14  Marauder  
  139  26:19  Marine x3  
  125  26:26  Marauder  
  125  26:29  Marine  
  104  26:33  Marine  
Tags
 
Add a new tag
Caveats
  • Supply blocks, unpowered buildings, or Contaminate may cause inaccurate times.
  • Supply counts are checked every 10 seconds.